 Dungeon Crawl Stone Soup version 0.27.1-34-g3ba077fa99 (webtiles) character file.

Game seed: 17109000751483702968

443 DildoBatman the Conjurer (level 7, -7/50 HPs)
             Began as a Formicid Conjurer on Jan 18, 2022.
             Mangled by a vampire (12 damage)
             ... created by the anger of Yredelemnul
             ... on level 6 of the Dungeon.
             The game lasted 00:07:34 (3057 turns).

DildoBatman the Conjurer (Formicid Conjurer)        Turns: 3057, Time: 00:07:34

Health: -7/50      AC:  2    Str: 12    XL:     7   Next: 23%
Magic:  5/12       EV: 12    Int: 17    God:
Gold:   152        SH:  4    Dex: 11    Spells: 10/13 levels left

rFire    . . .     SeeInvis +   a - +1 dagger (elec)
rCold    + . .     Faith    .   l - +0 buckler
rNeg     . . .     Spirit   .   g - +0 robe
rPois    .         Reflect  .   (helmet unavailable)
rElec    .         Harm     .   (no cloak)
rCorr    .         Rampage  .   (no gloves)
Will     .....                  (no boots)
Stlth    ++........             m - amulet of magic regeneration
HPRegen  0.16/turn              r - ring of protection from cold
MPRegen  0.38/turn              (no ring)

@: no status effects
A: permanent stasis, dig shafts and tunnels, antennae 3, four strong arms
a: Dig, Shaft Self


You were on level 6 of the Dungeon.
You visited 1 branch of the dungeon, and saw 4 of its levels.

You collected 152 gold pieces.

Inventory:

Hand Weapons
 a - a +1 dagger of electrocution (weapon)
 b - a +0 falchion
 s - a +2 whip of pain
Missiles
 c - 27 bolts
 e - 21 arrows
 n - 22 sling bullets
 q - 209 stones
 u - 7 poisoned darts
Armour
 g - a +0 robe (worn)
 l - a +0 buckler (worn)
Jewellery
 m - an amulet of magic regeneration (around neck)
 p - a ring of ice
 r - a ring of protection from cold (left hand)
Scrolls
 j - a scroll of silence {unknown}
 k - a scroll of teleportation {unknown}
 o - a scroll of amnesia {unknown}
 t - 2 scrolls of acquirement {unknown}
Potions
 d - a potion of attraction {unknown}
 f - a potion of ambrosia {unknown}
 h - 2 potions of degeneration {unknown}
 i - a potion of heal wounds {unknown}


   Skills:
 - Level 2.0 Fighting
 - Level 2.0 Armour
 - Level 1.7 Dodging
 - Level 2.4 Stealth
 - Level 3.0 Shields
 * Level 3.9 Spellcasting
 * Level 5.6 Conjurations


You had 10 spell levels left.
You knew the following spells:

 Your Spells              Type           Power      Damage    Failure   Level
a - Searing Ray           Conj           44%        3d4       2%          2
c - Magic Dart            Conj           88%        1d7       1%          1

Your spell library contained the following spells:

 Spells                   Type           Power      Damage    Failure   Level
 Dazzling Flash           Conj/Hex       24%        N/A       16%         3
 Fulminant Prism          Conj/Hex       6%         3d7       45%         4
 Iskenderun's Mystic Bla  Conj/Tloc      12%        2d5       45%         4


Dungeon Overview and Level Annotations

Branches:
Dungeon (3/15)

Altars:
Yredelemnul


Innate Abilities, Weirdness & Mutations

You cannot be hasted, slowed, berserked, paralysed or teleported.
You can dig through walls and to a lower floor.
You have a pair of large antennae on your head. (SInv)
Your four strong arms can wield two-handed weapons with a shield.


Message History

The vampire is lightly damaged. (Press . to maintain the ray.)
The searing ray hits the vampire but does no damage.
The vampire is lightly damaged.
The vampire hits you! The vampire closely misses you.
The searing ray hits the vampire.
The vampire is moderately damaged.
The vampire misses you.
The vampire bites you but does no damage.
The searing ray hits the vampire but does no damage.
The vampire is moderately damaged.
You finish channeling your searing ray.
The vampire closely misses you. The vampire barely misses you.
Casting: Searing Ray (safe; 2% risk of failure)
Confirm with . or Enter, or press ? or * to list all spells.
Aiming: Searing Ray (safe; 2% risk of failure)
Press: ? - help, Shift-Dir - straight line, f/p - vampire
Aim: a vampire (moderately damaged, durably summoned, 78% to hit)
The searing ray hits the vampire!
The vampire is heavily damaged. (Press . to maintain the ray.)
The vampire barely misses you. The vampire bites you!
The vampire draws strength from your injuries!
The searing ray hits the vampire.
The vampire is severely damaged.
The vampire misses you. The vampire closely misses you.
The searing ray hits the vampire.
The vampire is severely damaged.
The vampire hits you. The vampire bites you!
The vampire draws strength from your injuries!
The searing ray hits the vampire.
The vampire is heavily damaged.
You finish channeling your searing ray.
The vampire hits you!
You die...

#.#.# #.#.#
#.#)#
#########.#.#
#.........#.#
#.#######.#.#
#.#.........#
#.#.#####...#
#.#.#@###...#
#.#.##V##...#
#.#.#.###...#
#...)#.##...#
#)#.#.#.#...#
#.#†#####...#
#.#)# #...# .
#.#)# #...#
..#'#)# #...#


You could see a vampire.

Vanquished Creatures
  A wyvern (D:6)
  A wraith (D:6)
  A water moccasin (D:3)
  A kobold brigand (D:6)
  A hound (D:6)
  A centaur skeleton (D:2)
  An adder (D:2)
  A worm (D:2)
  2 dart slugs
  3 orcs (D:3)
  7 bats
  5 endoplasms
  4 giant cockroaches
  8 goblins
  11 hobgoblins
  9 jackals
  13 kobolds
  5 quokkas
  2 ball pythons
  A frilled lizard (D:1)
  3 rats
81 creatures vanquished.

Vanquished Creatures (others)
  2 plants (D:6)
2 creatures vanquished.

Grand Total: 83 creatures vanquished

Notes
Turn   | Place    | Note
-------+----------+-------------------------------------------
     0 | D:1      | DildoBatman the Formicid Conjurer began the quest for the
                  | Orb.
     0 | D:1      | Reached XP level 1. HP: 13/13 MP: 3/3
   120 | D:1      | Reached skill level 4 in Conjurations
   120 | D:1      | Reached XP level 2. HP: 16/19 MP: 1/5
   189 | D:1      | Learned a level 2 spell: Searing Ray
   449 | D:1      | Reached XP level 3. HP: 20/24 MP: 1/6
   626 | D:1      | Found a faded altar of an unknown god.
   928 | D:2      | Reached XP level 4. HP: 24/30 MP: 3/7
   969 | D:1      | Became a worshipper of Yredelemnul the Dark
   969 | D:1      | Reached * piety under Yredelemnul
   970 | D:1      | Fell from the grace of Yredelemnul
  1255 | D:2      | Reached skill level 5 in Conjurations
  1265 | D:2      | Found Qafilline's Armour Shoppe.
  1928 | D:2      | Reached skill level 1 in Shields
  2078 | D:3      | Noticed a water moccasin
  2083 | D:3      | Killed a water moccasin
  2084 | D:3      | Reached XP level 5. HP: 31/36 MP: 1/9
  2162 | D:3      | Reached XP level 6. HP: 42/42 MP: 7/10
  2163 | D:3      | Reached skill level 1 in Fighting
  2163 | D:3      | Reached skill level 1 in Armour
  2473 | D:3      | Noticed a vampire
  2473 | D:3      | Noticed a centaur warrior zombie
  2475 | D:3      | You fall into a shaft and drop 3 floors!
  2475 | D:6      | Noticed a wyvern
  2664 | D:6      | Killed a wyvern
  2955 | D:6      | Reached XP level 7. HP: 50/50 MP: 7/12
  2982 | D:6      | Noticed a wraith
  2988 | D:6      | Killed a wraith
  3050 | D:6      | Noticed a vampire
  3057 | D:6      | Mangled by a vampire

Illustrated notes

Levels and vault maps discovered:
D:1:      zaba_arrival_water, layout_basic, ebering_ecumenical_altar_petrified,
          hangedman_decor_growths, minmay_box_of_dots
D:2:      layout_basic, serial_shops,
          nicolae_shop_temple_entry_statues_fountains, minmay_tromino_v4_a
D:3:      layout_basic
D:6:      layout_basic, serial_shops, shop_fountains, serial_bayou_pond_b,
          grunt_ministairs_5, minmay_manual_monstrance

Skill      XL: |  1  2  3  4  5  6 |
---------------+-------------------+-----
Conjurations   | 4 5 |  5.6
Shields        | 3 |  3.0
Fighting       | 2 |  2.0
Armour         | 2 |  2.0
Spellcasting   | 3 |  3.9
Dodging        | |  1.7
Stealth        | |  2.4

Action                   |  1- 3 |  4- 6 |  7- 9 || total
-------------------------+-------+-------+-------++-------
Melee: Unarmed           |    35 |       |       ||    35
       Short sword       |     2 |       |       ||     2
       Falchion          |     1 |     5 |       ||     6
 Cast: Magic Dart        |    17 |    12 |       ||    29
       Searing Ray       |    12 |    26 |     5 ||    43
Invok: Renounce Religion |       |     1 |       ||     1
 Abil: Dig               |       |     3 |     2 ||     5
       Shaft Self        |       |     1 |       ||     1
Armor: Robe              |     9 |     4 |     1 ||    14
Dodge: Dodged            |    26 |    23 |    12 ||    61
Block: Buckler           |       |     4 |       ||     4
       Rpst.: Falchion   |       |     2 |       ||     2
